 Dungeon Crawl Stone Soup version 0.27.1 (webtiles) character file.

Game seed: 11262156011126634457

63 H0rd4k the Caller (level 4, 0/45 HPs)
             Began as a Barachi Summoner on Aug 26, 2021.
             Slain by a fire bat (2 damage)
             ... in a sewer.
             The game lasted 00:05:07 (2477 turns).

H0rd4k the Caller (Barachi Summoner)                Turns: 2477, Time: 00:05:07

Health: 0/45       AC:  4    Str: 10    XL:     4   Next: 10%
Magic:  0/8        EV: 12    Int: 16    God:
Gold:   69         SH:  0    Dex: 12    Spells: 5/9 levels left

rFire    . . .     SeeInvis .   f - +2 short sword (protect)
rCold    . . .     Faith    .   (no shield)
rNeg     . . .     Spirit   .   a - +0 robe
rPois    .         Reflect  .   (no helmet)
rElec    .         Harm     .   (no cloak)
rCorr    .         Rampage  .   (no gloves)
Will     .....                  g - +1 pair of boots
Stlth    ..........             (no amulet)
HPRegen  0.15/turn              (no ring)
MPRegen  0.11/turn              (no ring)

@: berserking, unable to hop, very quick
A: amphibious, slowness 1, strong legs 1, +LOS
a: Hop


You were in a sewer.
You visited 1 branch of the dungeon, and saw 3 of its levels.
You also visited: Sewer.

You collected 69 gold pieces.

Inventory:

Hand Weapons
 f - a +2 short sword of protection (weapon)
Armour
 a - a +0 robe (worn)
 g - a +1 pair of boots (worn)
Wands
 i - a wand of polymorph (10)
 l - a wand of digging (5)
Scrolls
 b - a scroll of enchant armour {unknown}
 c - 5 scrolls of identify {unknown}
 e - 2 scrolls of fear {unknown}
 h - a scroll of teleportation {unknown}
Potions
 d - a potion of curing {unknown}
 j - a potion of berserk rage
 k - a potion of haste {unknown}


   Skills:
 + Level 2.2 Dodging
 - Level 1.7 Stealth
 * Level 3.3 Spellcasting
 * Level 5.9 Summonings


You had 5 spell levels left.
You knew the following spells:

 Your Spells              Type           Power      Damage    Failure   Level
a - Summon Small Mammal   Summ           84%        N/A       1%          1
b - Call Canine Familiar  Summ           21%        N/A       4%          3

Your spell library contained the following spells:

 Spells                   Type           Power      Damage    Failure   Level
 Call Imp                 Summ           21%        N/A       2%          2
 Summon Guardian Golem    Hex/Summ       12%        N/A       16%         3
 Sublimation of Blood     Necr           1%         N/A       28%         2
 Summon Lightning Spire   Summ/Air       12%        N/A       47%         4
 Petrify                  Tmut/Erth      2%         N/A       88%         4
 Irradiate                Conj/Tmut      1%         3d14      99%         5


Dungeon Overview and Level Annotations

Branches:
Dungeon (4/15)              Sewer (1/1)
 Temple: D:4-7

Altars:


Innate Abilities, Weirdness & Mutations

You are amphibious.
You cover ground slowly.
You can hop short distances.
You have an extended range of vision and can be seen from far away.


Message History

Your quokka's corpse disappears in a puff of smoke!
Your rat closely misses the fire bat.
Your rat barely misses the fire bat.
The fire bat bites your quokka.
Your quokka dies!
Your quokka's corpse disappears in a puff of smoke!
The fire bat closely misses you.
You miss the fire bat.
The fire bat is heavily wounded.
The fire bat closely misses you.
The fire bat bites your rat but does no damage.
The fire bat bites your rat.
Your rat dies!
Your rat's corpse disappears in a puff of smoke!
You barely miss the fire bat.
The fire bat is heavily wounded.
The fire bat closely misses you. The fire bat bites you.
* * * LOW HITPOINT WARNING * * *
You are engulfed in flames!
* * * LOW HITPOINT WARNING * * *
Unknown command.
Okay, then.
Casting: Summon Small Mammal (safe; 1% risk of failure)
Confirm with . or Enter, or press ? or * to list all spells.
The fire bat barely misses you. The fire bat bites your hound.
Your hound is engulfed in flames!
The fire bat completely misses your hound.
Hop to where?
Press: ? - help, Dir - move target Boing!
The fire bat bites your hound.
Your hound is engulfed in flames.
Your hound dies!
Your hound's corpse disappears in a puff of smoke!
The fire bat barely misses you.
Unknown command.
Okay, then.
It was a potion of berserk rage.
A red film seems to cover your vision as you go berserk!
You feel yourself moving faster!
You feel mighty!
The fire bat bites you but does no damage.
The fire bat bites you.
You die...

..
#############.....
∩......§.@........
########b####.....
#.# .. #○# #.# #.#
#.# ##.## ##...##


You could see a fire bat.

Vanquished Creatures
  A goblin (D:2)
  2 hobgoblins
  A quokka (D:4)
  2 ball pythons (D:1)
  3 bats (Sewer)
  A kobold (D:2)
10 creatures vanquished.

Vanquished Creatures (collateral kills)
  Terence (D:2)
  Robin (D:2)
  A gnoll (D:1)
  2 dart slugs (D:1)
  2 endoplasms
  2 giant cockroaches (D:4)
  7 goblins
  9 hobgoblins
  A quokka (D:2)
  4 ball pythons
  5 bats
  3 frilled lizards
  4 kobolds (D:1)
  6 rats
48 creatures vanquished.

Vanquished Creatures (others)
  A fungus (D:2)
  2 plants (D:2)
3 creatures vanquished.

Grand Total: 61 creatures vanquished

Notes
Turn   | Place    | Note
-------+----------+-------------------------------------------
     0 | D:1      | H0rd4k the Barachi Summoner began the quest for the Orb.
     0 | D:1      | Reached XP level 1. HP: 13/13 MP: 3/3
   165 | D:1      | Reached skill level 5 in Summonings
   421 | D:1      | Reached XP level 2. HP: 15/19 MP: 0/5
  1228 | D:1      | Reached XP level 3. HP: 24/24 MP: 1/6
  1288 | D:1      | Learned a level 3 spell: Call Canine Familiar
  1821 | D:2      | Noticed Robin
  1878 | D:2      | Killed Robin
  2044 | D:2      | Noticed Terence
  2111 | D:2      | Killed Terence
  2188 | D:2      | You fall into a shaft and drop 2 floors!
  2195 | D:4      | Reached XP level 4. HP: 30/30 MP: 4/8
  2396 | D:4      | Found a glowing drain.
  2400 | Sewer    | Entered a sewer
  2451 | Sewer    | Noticed a water moccasin
  2453 | Sewer    | Noticed a fire bat
  2453 | Sewer    | a water moccasin changed into a fire bat
  2474 | Sewer    | HP: 1/30 [fire bat (7)]
  2477 | Sewer    | Slain by a fire bat

Illustrated notes

Levels and vault maps discovered:
D:1:      lightli_arrival_quake, layout_loops_cross, minmay_cut_off
D:2:      layout_rooms, shapermc_ecumenical_altar_acropolis,
          minmay_stone_trees_medium, uniq_robin, uniq_terence, uniq_natasha
D:4:      wad_river_or_something, layout_basic, gup_sewer_entry_bowl
Sewer:    sewer_big_baddie

Skill      XL: |  1  2  3 |
---------------+----------+-----
Summonings     | 5 |  5.9
Spellcasting   | 3 |  3.3
Dodging        | |  2.2
Stealth        | |  1.7

Action                   |  1- 3 |  4- 6 || total
-------------------------+-------+-------++-------
Melee: Short sword       |    15 |    12 ||    27
 Cast: Summon Small Mamm |   127 |    12 ||   139
       Call Canine Famil |       |     2 ||     2
 Abil: Hop               |       |     1 ||     1
Evoke: Wand              |       |     1 ||     1
  Use: Potion            |       |     1 ||     1
Armor: Robe              |    23 |    12 ||    35
Dodge: Dodged            |    31 |    17 ||    48
